 Dungeon Crawl Stone Soup version 0.23.2-40-g277498a001 (webtiles) character file.

Game seed: 5768127898015414932

10376 EtherCrawl the Thaumaturge (level 11, -22/81 HPs)
             Began as a Mummy Summoner on Sept 2, 2019.
             Was an Initiate of Gozag.
             Engulfed by a fire crab's flame (28 damage)
             ... in a Gauntlet.
             The game lasted 01:07:59 (21644 turns).

EtherCrawl the Thaumaturge (Mummy Summoner)        Turns: 21644, Time: 01:07:59

Health: -22/81     AC:  8    Str:  9    XL:     11   Next: 35%
Magic:  25/26      EV: 15    Int: 17    God:    Gozag
Gold:   3029       SH:  0    Dex: 21    Spells: 15/32 levels left

rFire    x . .     SeeInvis .   w - +8 quarterstaff "Wotoax" {pain, MR++ Str-3}
rCold    + . .     Gourm    .   (shield currently unavailable)
rNeg     + + +     Faith    .   J - +0 robe {MR+}
rPois    ∞         Spirit   .   l - +1 helmet "Okkopn" {*Contam Dex+5}
rElec    .         Reflect  .   K - +0 cloak
rCorr    .         Harm     .   B - +2 pair of gloves {Dex+3}
MR       ++++.     NoTele   +   (no boots)
Stlth    +++.......             (no amulet)
HPRegen  0.23/turn              v - +3 ring of evasion
MPRegen  0.20/turn              u - ring of stealth

@: no status effects
A: no food or potions, fire vulnerability, cold resistance 1, negative energy
resistance 3, torment resistance, unbreathing
a: Potion Petition, Call Merchant, Bribe Branch, Renounce Religion


You were in a Gauntlet.
You worshipped Gozag.
Gozag was most pleased with you.
You were not hungry.

You visited 2 branches of the dungeon, and saw 12 of its levels.
You also visited: Sewer, Bailey and Gauntlet.

You collected 3076 gold pieces.
You paid 47 gold pieces to Gozag.

Inventory:

Hand Weapons
 c - a +1 dagger of flaming
 m - a +3 hunting sling of velocity
 p - a +2 dagger of protection
 w - the +8 quarterstaff "Wotoax" (weapon) {pain, MR++ Str-3}
   (You found it on level 5 of the Dungeon)

   In the hands of one skilled in necromantic magic, it inflicts extra damage on
   living creatures.
   It affects your strength (-3).
   It affects your resistance to hostile enchantments.
 x - a +0 dagger of venom
 C - the cursed +0 war axe of Ancient Evil {chop, *Slow rElec Str+3 SInv}
   (You found it in a bailey)

   It inflicts extra damage upon your enemies.
   It affects your strength (+3).
   It insulates you from electricity.
   It lets you see invisible.
   It may slow you when you take damage.
   It has a curse placed upon it.
Missiles
 b - 154 stones (quivered)
 k - 13 tomahawks
 o - 124 arrows
 z - 2 throwing nets
 G - 33 sling bullets
Armour
 a - the +1 ring mail of Jebym {Regen+ Str+5 Int+3}
   (You acquired it on level 10 of the Dungeon)

   It affects your strength (+5).
   It affects your intelligence (+3).
   It increases your rate of regeneration.
 e - a scarf of cloud immunity
 i - +0 ice dragon scales
 l - the +1 helmet "Okkopn" (worn) {*Contam Dex+5}
   (You took it off Robin on level 2 of the Dungeon)

   It affects your dexterity (+5).
   It causes magical contamination when unequipped.
 s - a +0 plate armour of magic resistance
 B - a +2 pair of gloves of dexterity (worn)
 F - a +0 shield
 J - a +0 robe of magic resistance (worn)
 K - a +0 cloak (worn)
Jewellery
 u - a ring of stealth (right hand)
 v - a +3 ring of evasion (left hand)
 y - an uncursed ring of resist corrosion
Wands
 q - a wand of enslavement (2)
 t - a wand of flame (26)
 A - a wand of random effects (8)
 E - a wand of acid (11)
 H - a wand of digging (4)
 I - a wand of scattershot (4)
Scrolls
 f - a scroll of fog
 g - 2 scrolls of amnesia
 h - 3 scrolls of identify
 j - 8 scrolls of remove curse
 n - 4 scrolls of blinking
 r - 4 scrolls of teleportation
 D - a scroll of brand weapon
 L - a scroll of fear


   Skills:
 + Level 6.0 Fighting
 - Level 1.5 Dodging
 - Level 1.5 Stealth
 + Level 11.1 Spellcasting
 * Level 10.8 Summonings
 - Level 4.0 Ice Magic
 - Level 4.0 Air Magic


You had 15 spell levels left.
You knew the following spells:

 Your Spells              Type           Power        Failure   Level  Hunger
a - Summon Small Mammal   Summ           ####         1%          1    N/A
b - Call Imp              Summ           #####...     1%          2    N/A
c - Call Canine Familiar  Summ           #####...     1%          3    N/A
d - Summon Ice Beast      Ice/Summ       ####....     3%          4    N/A
e - Summon Lightning Spi  Summ/Air       ####....     3%          4    N/A
f - Summon Guardian Gole  Hex/Summ       ####....     2%          3    N/A

Your spell library contained the following spells:

 Spells                   Type           Power        Failure   Level  Hunger
 Confusing Touch          Hex            #.....       8%          1    N/A
 Confuse                  Hex            #.......     22%         3    N/A
 Gell's Gravitas          Tloc           #.........   22%         3    N/A
 Petrify                  Tmut/Erth      #.......     58%         4    N/A
 Metabolic Englaciation   Hex/Ice        ###.......   67%         5    N/A
 Yara's Violent Unravell  Hex/Tmut       #.........   91%         5    N/A

Dungeon Overview and Level Annotations

Branches:
Dungeon (11/15)            Temple (0/1) D:6            Lair (1/6) D:11
    Orc (0/2) D:9

Altars:
Cheibriados
Dithmenos
Elyvilon
Fedhas
Gozag
Hepliaklqana
Makhleb
Nemelex Xobeh
Ru
Sif Muna
Trog
Vehumet
Wu Jian
Xom
Yredelemnul
Zin
The Shining One

Shops:
D:7 *

Portals:
Trove: D:11 (show abyssal rune of Zot)

Annotations:
D:9 4 runed translucent doors
D:11 3 runed translucent doors, Toxa551's ghost, journeyman HOFi
Lair:1 Gastronok Gauntlet 13 transporters, 21 runed translucent doors


Innate Abilities, Weirdness & Mutations

You do not eat or drink.
Your flesh is vulnerable to fire.
You are immune to poison.
Your flesh is cold resistant. (rC+)
You are immune to negative energy. (rN+++)
You are immune to unholy pain and torment.
You can survive without breathing.


Message History

You sock the fire bat!
You kill the fire bat!
Your lightning spire shoots out a bolt of lightning at the fire crab!
The bolt of electricity hits the fire crab! x2
The bolt of electricity hits your lightning spire.
Your lightning spire completely resists.
The bolt of electricity hits your lightning spire.
Your lightning spire completely resists.
The fire crab bites you.
You are engulfed in flames!
The fire burns you terribly! The fire crab claws you!
* * * LOW HITPOINT WARNING * * *
You are engulfed in flames!
The fire burns you terribly!
* * * LOW HITPOINT WARNING * * *
The swamp worm becomes distracted by your gold, dreaming of imaginary riches.
The fire crab breathes flames at you.
The blast of flame engulfs you but does no damage.
Unknown command.
You are engulfed in blazing flames.
You die...
Your body crumbles into a pile of gold.

......#.#........#####
#######.#######.....≈###
#©...........©#......#8#
###################..###
"©....#.#..:=©...○#..#
#.##..#.#.b##t##○.#..###
...##.#.#.#..#°○#○#..#8#
....#.#.#.#..#○☼#○#..###
.©....#.#..#####@○#..#
....#.#.#.#..#○○#○#..###
...##w#.#.#..#.8#.#..#8#
#.##..#.#..##.##..#..###
......#.#.........#..#
###################..###
#©...........©#......#8#
#######.#######.....≈###
......#.#........#####


You could see a fire crab and a friendly lightning spire.

Vanquished Creatures
  Harold (D:7)
  A centaur skeleton (D:10)
  A guardian mummy (D:11)
  2 hippogriffs
  Grinder (D:3)
  2 fire bats (Gauntlet)
  2 hungry ghosts
  Duvessa (D:4)
  A water moccasin (D:6)
  A sky beast (D:10)
  6 ice beasts
  3 orc warriors (Bailey)
  A phantom (D:11)
  3 ogres
  A centaur (D:6)
  6 bullfrogs
  A wyvern skeleton (D:11)
  A scorpion (D:7)
  Dowan (D:4)
  2 howler monkeys (D:9)
  4 wights
  A bullfrog zombie (D:11)
  4 crimson imps
  A jelly (D:9)
  5 hounds
  A centaur zombie (D:6)
  2 orc priests
  4 bullfrog skeletons
  An iguana (D:9)
  6 orc wizards
  5 worker ants
  A hound skeleton (D:6)
  A howler monkey zombie (D:10)
  2 worker ant zombies
  14 adders
  7 oozes
  2 adder skeletons
  2 adder zombies (D:2)
  3 worms (D:4)
  13 leopard geckos
  20 orcs
  A bat skeleton (D:2)
  12 giant cockroaches
  8 goblins
  3 hobgoblins
  4 kobolds
  4 quokkas
  6 ball pythons
  4 bats
  9 frilled lizards
  A jackal skeleton (D:9)
  A jackal zombie (D:8)
  2 leopard gecko skeletons
  5 rats
197 creatures vanquished.

Vanquished Creatures (collateral kills)
  Erolcha (D:9)
  2 two-headed ogres
  An orc high priest (Bailey)
  An orc knight (Bailey)
  A cyclops (D:11)
  A worldbinder (Gauntlet)
  Psyche (D:9)
  A kobold demonologist (Bailey)
  A komodo dragon (D:11)
  A troll (D:11)
  A hornet (D:11)
  Prince Ribbit (D:7)
  A hippogriff (D:9)
  Sigmund (D:2)
  A spriggan (D:7)
  A wraith (D:10)
  A human (D:2)
  A fire bat (Gauntlet)
  A warg (D:9)
  2 sky beasts
  A necrophage (D:10)
  11 orc warriors
  2 black bears
  An ogre (D:5)
  3 centaurs
  2 bullfrogs
  A scorpion (D:10)
  6 killer bees
  11 wights
  3 electric eels (Bailey)
  2 crimson imps
  4 orc priests
  A hound (D:6)
  A bullfrog zombie (D:8)
  Ijyb (D:3)
  Natasha (thrice) (D:3)
  3 orc wizards (D:11)
  2 worker ants
  Terence (D:2)
  Robin (D:2)
  4 gnolls (Bailey)
  4 adders
  A river rat (D:4)
  An adder zombie (D:9)
  An adder skeleton (D:2)
  2 worms (D:2)
  2 leopard geckos
  22 orcs
  A ball python (Sewer)
  A bat (D:3)
  3 giant cockroaches (Sewer)
  17 goblins
  11 hobgoblins
  4 jackals (D:3)
  2 quokkas
  3 frilled lizards (Sewer)
  3 kobolds (D:1)
  3 rats
167 creatures vanquished.

Vanquished Creatures (others)
  3 plants (D:11)
3 creatures vanquished.

Grand Total: 367 creatures vanquished

Notes
Turn   | Place    | Note
-------+----------+-------------------------------------------
     0 | D:1      | EtherCrawl the Mummy Summoner began the quest for the Orb.
     0 | D:1      | Reached XP level 1. HP: 13/13 MP: 4/4
   432 | D:1      | Reached skill level 3 in Spellcasting
   797 | D:1      | Reached XP level 2. HP: 19/19 MP: 6/6
   906 | D:1      | Learned a level 2 spell: Call Imp
  2028 | D:2      | Found an ornate altar of the Wu Jian Council.
  2044 | D:2      | Reached XP level 3. HP: 17/24 MP: 8/8
  2064 | D:2      | Noticed Terence
  2270 | D:2      | Learned a level 3 spell: Call Canine Familiar
  2677 | D:2      | Reached skill level 4 in Spellcasting
  2698 | D:2      | Identified the +1 helmet "Okkopn" {*Contam Dex+5}
  2698 | D:2      | Noticed Robin
  3306 | D:2      | Noticed Sigmund
  3317 | D:2      | Killed Sigmund
  3317 | D:2      | Reached XP level 4. HP: 30/30 MP: 1/10
  3573 | D:2      | Reached XP level 5. HP: 35/35 MP: 3/12
  3617 | D:2      | Killed Robin
  3811 | D:2      | Found a runed translucent door.
  3811 | D:2      | Noticed a human
  3816 | D:2      | Found a basalt altar of Yredelemnul.
  3960 | D:2      | Killed Terence
  3960 | D:2      | Reached skill level 5 in Spellcasting
  4019 | D:3      | Noticed Ijyb
  4116 | D:3      | Noticed Natasha
  4129 | D:3      | Killed Natasha
  4327 | D:3      | Killed Ijyb
  4357 | D:3      | Noticed Natasha
  4439 | D:3      | Killed Natasha
  4793 | D:3      | Noticed Grinder
  4805 | D:3      | Paralysed by Grinder for 4 turns
  5083 | D:3      | Found a radiant altar of Vehumet.
  5087 | D:3      | Found a blossoming altar of Fedhas.
  5090 | D:3      | Found a white marble altar of Elyvilon.
  5091 | D:3      | Found a glowing silver altar of Zin.
  5091 | D:3      | Found a deep blue altar of Sif Muna.
  5091 | D:3      | Found a burning altar of Makhleb.
  5092 | D:3      | Found a bloodstained altar of Trog.
  5093 | D:3      | Found a glowing golden altar of the Shining One.
  5094 | D:3      | Found a shimmering altar of Xom.
  5095 | D:3      | Found an opulent altar of Gozag.
  5096 | D:3      | Found a snail-covered altar of Cheibriados.
  5101 | D:3      | Became a worshipper of Gozag Ym Sagoz the Greedy
  5178 | D:3      | Noticed Natasha
  5715 | D:3      | Killed Natasha
  6051 | D:3      | Paralysed by Grinder for 3 turns
  6193 | D:3      | Killed Grinder
  6193 | D:3      | Reached skill level 6 in Spellcasting
  6193 | D:3      | Reached skill level 5 in Summonings
  6193 | D:3      | Reached XP level 6. HP: 41/41 MP: 2/15
  6526 | D:4      | Found a glowing drain.
  6530 | Sewer    | Entered a sewer
  7053 | Sewer    | Reached XP level 7. HP: 46/46 MP: 16/16
  7640 | D:4      | Learned a level 4 spell: Summon Ice Beast
  7645 | D:4      | Learned a level 4 spell: Summon Lightning Spire
  7678 | D:4      | Noticed Duvessa
  7679 | D:4      | Noticed Dowan
  7699 | D:4      | Killed Dowan
  7699 | D:4      | Reached skill level 7 in Spellcasting
  7706 | D:4      | Killed Duvessa
  7706 | D:4      | Reached skill level 1 in Air Magic
  8295 | D:5      | Entered Level 5 of the Dungeon
  8514 | D:5      | Reached XP level 8. HP: 48/52 MP: 18/18
  8752 | D:5      | Found a sparkling altar of Nemelex Xobeh.
  9482 | D:5      | Got a pitted quarterstaff
  9483 | D:5      | Identified the +8 quarterstaff "Wotoax" {pain, MR++ Str-3}
                  | (You found it on level 5 of the Dungeon)
 10085 | D:6      | Found a staircase to the Ecumenical Temple.
 10697 | D:6      | Reached skill level 8 in Spellcasting
 11445 | D:7      | Reached XP level 9. HP: 53/57 MP: 9/21
 11696 | D:7      | Noticed Harold
 11698 | D:7      | Noticed Prince Ribbit
 12111 | D:7      | Killed Harold
 12111 | D:7      | Reached skill level 1 in Fighting
 12111 | D:7      | Reached skill level 1 in Ice Magic
 12190 | D:7      | Killed Prince Ribbit
 12428 | D:7      | Found Pagh's General Store.
 12724 | D:7      | Reached skill level 9 in Spellcasting
 12843 | D:8      | Found a flagged portal.
 12867 | Bailey   | Entered a bailey
 13511 | Bailey   | Found an iron altar of Okawaru.
 13511 | Bailey   | Noticed a kobold demonologist
 13511 | Bailey   | Noticed an orc high priest
 13522 | Bailey   | Noticed a sun demon
 13527 | Bailey   | Killed an orc high priest
 13536 | Bailey   | Killed a kobold demonologist
 13803 | Bailey   | Reached XP level 10. HP: 33/69 MP: 12/23
 14441 | Bailey   | Got an ichor-stained war axe
 14523 | Bailey   | Noticed an orc knight
 14540 | Bailey   | Killed an orc knight
 15336 | D:8      | Learned a level 3 spell: Summon Guardian Golem
 15337 | D:9      | Noticed Psyche
 15343 | D:9      | Killed Psyche
 15385 | D:9      | Found a runed translucent door.
 15531 | D:9      | Found a sacrificial altar of Ru.
 15532 | D:9      | Found a shadowy altar of Dithmenos.
 16555 | D:9      | Found a runed translucent door.
 16597 | D:9      | Found a runed translucent door.
 16685 | D:9      | Found a runed translucent door.
 16700 | D:9      | Reached skill level 10 in Spellcasting
 16826 | D:9      | Found a hazy altar of Hepliaklqana.
 16919 | D:9      | Found a staircase to the Orcish Mines.
 17115 | D:9      | Noticed Erolcha
 17294 | D:9      | Killed Erolcha
 17753 | D:10     | Entered Level 10 of the Dungeon
 18093 | D:10     | Reached skill level 10 in Summonings
 18103 | D:10     | Identified the cursed +0 war axe of Ancient Evil {chop,
                  | *Slow rElec Str+3 SInv} (You found it in a bailey)
 18483 | D:10     | Noticed a two-headed ogre
 18495 | D:10     | Found a shadowy altar of Dithmenos.
 18497 | D:10     | Killed a two-headed ogre
 18497 | D:10     | Reached skill level 5 in Fighting
 18873 | D:10     | Reached XP level 11. HP: 80/80 MP: 25/25
 19206 | D:10     | Got a dazzling ring mail
 19207 | D:10     | Identified the +1 ring mail of Jebym {Regen+ Str+5 Int+3}
                  | (You acquired it on level 10 of the Dungeon)
 19677 | D:11     | Noticed a two-headed ogre
 19685 | D:11     | Killed a two-headed ogre
 19812 | D:11     | Found a staircase to the Lair.
 19943 | D:11     | Found a runed translucent gate.
 19943 | D:11     | Found a runed translucent gate.
 19944 | D:11     | Found a runed translucent gate.
 19949 | D:11     | Noticed Toxa551's ghost (journeyman HOFi)
 19960 | D:11     | Noticed a minotaur
 20041 | D:11     | Reached skill level 11 in Spellcasting
 20147 | D:11     | Found a portal to a secret trove of treasure.
 20960 | Lair:1   | Entered Level 1 of the Lair of Beasts
 20978 | Lair:1   | Noticed Gastronok
 20996 | Lair:1   | Found a gate leading to a gauntlet.
 21007 | Gauntlet | Entered a Gauntlet
 21007 | Gauntlet | Found a transporter.
 21007 | Gauntlet | Found a transporter.
 21012 | Gauntlet | Found a transporter.
 21027 | Gauntlet | Found a transporter.
 21040 | Gauntlet | Noticed a fire crab
 21041 | Gauntlet | Found a transporter.
 21054 | Gauntlet | Found a transporter.
 21069 | Gauntlet | Noticed a fire crab
 21138 | Gauntlet | Found a transporter.
 21140 | Gauntlet | Noticed a death scarab
 21152 | Gauntlet | Found a transporter.
 21154 | Gauntlet | Found a large runed translucent door.
 21154 | Gauntlet | Found a large runed translucent door.
 21155 | Gauntlet | Found a large runed translucent door.
 21155 | Gauntlet | Found a large runed translucent door.
 21156 | Gauntlet | Found a large runed translucent door.
 21156 | Gauntlet | Found a runed translucent door.
 21156 | Gauntlet | Found a large runed translucent door.
 21156 | Gauntlet | Found a runed translucent door.
 21156 | Gauntlet | Found a large runed translucent door.
 21156 | Gauntlet | Found a large runed translucent door.
 21157 | Gauntlet | Found a large runed translucent door.
 21157 | Gauntlet | Found a large runed translucent door.
 21160 | Gauntlet | Found a large runed translucent door.
 21160 | Gauntlet | Found a large runed translucent door.
 21162 | Gauntlet | Found a large runed translucent door.
 21162 | Gauntlet | Found a large runed translucent door.
 21162 | Gauntlet | Found a large runed translucent door.
 21164 | Gauntlet | Found a runed translucent gate.
 21164 | Gauntlet | Found a runed translucent gate.
 21164 | Gauntlet | Found a runed translucent gate.
 21165 | Gauntlet | Noticed a necromancer
 21166 | Gauntlet | Found a transporter.
 21177 | Gauntlet | Found a large runed translucent door.
 21179 | Gauntlet | Found a transporter.
 21195 | Gauntlet | Found a transporter.
 21262 | Gauntlet | Found a transporter.
 21272 | Gauntlet | Found a transporter.
 21282 | Gauntlet | Found a transporter.
 21306 | Gauntlet | Found a transporter.
 21316 | Gauntlet | Found a transporter.
 21634 | Gauntlet | HP: 4/81 [fire crab (16)]
 21644 | Gauntlet | Engulfed by a fire crab's flame

Skill      XL: |  1  2  3  4  5  6  7  8  9 10 11 |
---------------+----------------------------------+-----
Spellcasting   | 3 4 6 7 8 9 10 11 | 11.1
Summonings     | 4 5 6 7 8 10 | 10.8
Air Magic      | 1 4 |  4.0
Fighting       | 2 5 6 |  6.0
Ice Magic      | 3 4 |  4.0
Dodging        | |  1.5
Stealth        | |  1.5

Action                   |  1- 3 |  4- 6 |  7- 9 | 10-12 || total
-------------------------+-------+-------+-------+-------++-------
Melee: Whip              |   121 |    39 |       |       ||   160
       Unarmed           |     6 |       |       |       ||     6
       Quarterstaff      |       |       |       |   164 ||   164
 Fire: Hunting sling     |       |    97 |   364 |   214 ||   675
Throw: Stone             |     7 |       |       |       ||     7
 Cast: Summon Small Mamm |    10 |     1 |       |       ||    11
       Call Imp          |    18 |    91 |    46 |     1 ||   156
       Call Canine Famil |       |     3 |    14 |     7 ||    24
       Summon Lightning  |       |       |    31 |    41 ||    72
       Summon Ice Beast  |       |       |    13 |    43 ||    56
Invok: Potion Petition   |       |       |     1 |       ||     1
  Use: Scroll            |       |     5 |    10 |     7 ||    22
 Stab: Sleeping          |     1 |     1 |       |     3 ||     5
       Distracted        |       |       |       |     4 ||     4
Armor: Robe              |    22 |    11 |    50 |    94 ||   177
Dodge: Dodged            |    94 |    80 |   207 |   232 ||   613
